 Dungeon Crawl Stone Soup version 0.31-a0-233-g139696dc86 (webtiles) character file.

Game seed: 11681308662516505692

3595 qw the Skirmisher (level 9, -1/81 HPs)
             Began as a Minotaur Hexslinger on July 7, 2023.
             Was a Follower of Okawaru.
             Slain by a wyvern (14 damage)
             ... on level 8 of the Dungeon.
             The game lasted 00:02:07 (5406 turns).

qw the Skirmisher (Minotaur Hexslinger)             Turns: 5406, Time: 00:02:08

Health: -1/81      AC:  9    Str: 12    XL:     9   Next: 85%
Magic:  7/9        EV: 18    Int: 15    God:    Okawaru [*.....]
Gold:   0          SH:  0    Dex: 24    Spells: 9/10 levels left

rFire   . . .        a - +0 shortbow "Xeitomm" {drain, Int+5}
rCold   . . .        (shield currently unavailable)
rNeg    . . .        g - +0 ring mail
rPois   .            (helmet restricted)
rElec   .            m - scarf {repulsion}
rCorr   .            (no gloves)
SInv    .            b - +1 pair of boots
Will    .....        (no amulet)
Stlth   +++          e - +6 ring of dexterity
HPRegen 0.33/turn    f - +4 ring of slaying {mikee}
MPRegen 0.11/turn

%: repel missiles
@: heroic
A: horns 2, retaliatory headbutt
a: Renounce Religion, Heroism


You were on level 8 of the Dungeon.
You worshipped Okawaru.
Okawaru was aware of your devotion.
You visited 2 branches of the dungeon, and saw 9 of its levels.

You collected 377 gold pieces.
You spent 377 gold pieces at shops.


Innate Abilities, Weirdness & Mutations

You have a pair of horns on your head.
You reflexively headbutt those who attack you in melee.


   Skills:
 - Level 8.1(13.1) Fighting
 - Level 12.2(17.2) Ranged Weapons
 - Level 3.1(8.1) Armour
 + Level 5.2(10.2) Dodging
 - Level 1.0 Spellcasting
 - Level 2.0 Hexes
 + Level 2.0 Invocations


You had 9 spell levels left.
You knew the following spells:

 Your Spells              Type           Power      Damage    Failure   Level
a - Slow                  Hex            24%        N/A       22%         1

Your spell library contained the following spells:

 Spells                   Type           Power      Damage    Failure   Level
 Inner Flame              Hex/Fire       3%         N/A       67%         3
 Portal Projectile        Hex/Tloc       6%         N/A       67%         3
 Cause Fear               Hex            3%         N/A       91%         4

Inventory:

Hand Weapons
 a - the +0 shortbow "Xeitomm" (weapon) {drain, Int+5}
   (You acquired it on level 1 of the Dungeon)

   Int:       It affects your intelligence (+5).
Armour
 b - a +1 pair of boots (worn)
 g - a +0 ring mail (worn)
 i - a +0 cloak
 m - a scarf of repulsion (worn)
Jewellery
 e - a +6 ring of dexterity (left hand)
 f - a +4 ring of slaying (right hand) {mikee}
 l - a ring of protection from fire
Scrolls
 j - 3 scrolls of identify
 n - a scroll of enchant weapon
 Y - 3 scrolls of teleportation
Potions
 c - a potion of enlightenment
 d - 3 potions of might
 h - 5 potions of heal wounds
 k - a potion of haste
 o - a potion of mutation {unknown}

Dungeon Overview and Level Annotations

Branches:
Dungeon (8/15)             Temple (1/1) D:7
   Lair: D:8-11

Altars:
Ashenzari
Cheibriados
Dithmenos
Elyvilon
Fedhas
Gozag
Hepliaklqana
Kikubaaqudgha
Makhleb
Nemelex Xobeh
Okawaru
Qazlal
Ru
Sif Muna
Trog
Uskayaw
Vehumet
Wu Jian
Xom
Yredelemnul
Zin
The Shining One

Shops:
D:2 (   D:3 ?   D:7 *   D:8 ?


Message History

The yak is severely wounded.
The yak misses you. You furiously retaliate!
You headbutt the yak. The yak misses you.
You shoot an arrow. The arrow closely misses the yak.
You shoot an arrow. The arrow hits the yak.
The yak is almost dead.
The yak misses you. The yak gores you but does no damage.
You shoot an arrow. The arrow hits the yak.
You kill the yak!
Okawaru accepts your kill.
You can now gain great but temporary skills.
The yak gores you but does no damage.
5399 ||| INVOKING Heroism.
You gain the combat prowess of a mighty hero.
You shoot an arrow. The arrow hits the yak!
You drain the yak.
The yak is severely wounded.
The yak snorts and paws the ground.
The yak misses you.
You shoot an arrow. The arrow hits the yak!
You drain the yak.
The yak is almost dead.
The yak closely misses you. x2
You shoot an arrow. The arrow hits the yak!
You kill the yak!
Okawaru accepts your kill. The yak gores you!
Your Invocations skill increases to level 1!
You shoot an arrow. The arrow hits the yak!
You drain the yak.
The yak is heavily wounded.
You shoot an arrow. The arrow hits the yak.
You drain the yak.
The yak is severely wounded.
The yak misses you. You furiously retaliate!
You headbutt the yak! You shoot an arrow. The arrow hits the yak!
You kill the yak!
Okawaru accepts your kill.
Your base Fighting skill increases to level 8!
Your Invocations skill increases to level 2!
You shoot an arrow. The arrow hits the wyvern.
The wyvern is lightly wounded.
The wyvern bites you! x2
You die...

#.#.##.# ######.#
#.#.##.# #.# #\#.##.#
#.#
#######.#.##.########.#
..........##..........#
#######.####.###########
#.# #..# #.# ##.## #.
#@####...## #.#
.....ol%.....#..# #.#
#######.####....# #.#
#.# ##.#.# ##.# #.#
#.#.###..### #.#
#........#.. #.#
###........# #.#
#####..... #.####


You could see a wyvern and an orc.

Vanquished Creatures
  5 yaks (D:8)
  4 water moccasins
  2 sky beasts
  An ice beast (D:6)
  3 black bears
  An orc warrior (D:7)
  An ogre (D:5)
  2 centaurs (D:5)
  2 kobold brigands
  A gnoll sergeant (D:6)
  2 bullfrogs
  7 scorpions
  3 orc priests
  4 jellies
  A hound (D:5)
  7 iguanas
  6 orc wizards
  3 gnolls (D:6)
  11 adders
  A white imp (D:6)
  An ufetubus (D:4)
  4 worms
  2 dart slugs (D:4)
  20 orcs
  8 ball pythons
  7 bats
  3 endoplasms
  3 giant cockroaches
  5 goblins
  8 hobgoblins
  A quokka (D:2)
  4 frilled lizards
  18 kobolds
  7 rats
158 creatures vanquished.

Notes
Turn   | Place    | Note
-------+----------+-------------------------------------------
     0 | D:1      | qw the Minotaur Hexslinger began the quest for the Orb.
     0 | D:1      | Reached XP level 1. HP: 16/16 MP: 1/1
     0 | D:1      | 0 ||| qw: Version: 0.3-a-46-gb1f654a
     0 | D:1      | 0 ||| qw: Game counter: 3185
     0 | D:1      | 0 ||| qw: Melee chars always use a shield: true
     0 | D:1      | 0 ||| qw: God list: Okawaru
     0 | D:1      | 0 ||| qw: Allow faded altars: false
     0 | D:1      | 0 ||| qw: Do Orc after clearing Dungeon:15 true
     0 | D:1      | 0 ||| qw: Do second Lair branch before Depths: true
     0 | D:1      | 0 ||| qw: Lair rune preference: random
     0 | D:1      | 0 ||| qw: Goals: Normal
     0 | D:1      | 0 ||| PLANNING D:1-11
   189 | D:1      | Reached skill level 3 in Ranged Weapons
   202 | D:1      | Reached XP level 2. HP: 21/23 MP: 2/2
   814 | D:1      | 814 ||| UPGRADING to +0 ring mail.
   824 | D:1      | 824 ||| DROPPING +0 robe.
   825 | D:1      | 825 ||| UPGRADING to +6 ring of dexterity.
   826 | D:1      | 826 ||| UPGRADING to ring of resist corrosion.
   827 | D:1      | 827 ||| READING 2 scrolls labelled SUEJIA EXEOMM.
   828 | D:1      | 828 ||| READING scroll of enchant weapon.
   828 | D:1      | 828 ||| ENCHANTING +2 sling.
   829 | D:1      | 829 ||| READING 3 scrolls labelled ADWOXA WUDWU.
   830 | D:1      | 830 ||| READING scroll labelled RETTAR NI AVUSUU.
   830 | D:1      | Identified a scroll of acquirement
   830 | D:1      | 830 ||| ACQUIRING +0 shortbow "Xeitomm" {drain, Int+5}
   830 | D:1      | Acquired the +0 shortbow "Xeitomm" {drain, Int+5}
   832 | D:1      | 832 ||| SWAPPING to +0 shortbow "Xeitomm" {drain, Int+5}.
   833 | D:1      | 833 ||| DROPPING +3 sling.
   834 | D:1      | 834 ||| READING scroll labelled ZIKITSUALE.
   835 | D:1      | 835 ||| DROPPING scroll of poison.
   836 | D:1      | 836 ||| DROPPING 2 scrolls of immolation.
   884 | D:2      | Reached XP level 3. HP: 27/29 MP: 3/3
   939 | D:2      | Reached skill level 4 in Ranged Weapons
   939 | D:2      | Found Bajoatua's Weapon Shoppe.
   946 | D:2      | Identified the +11 hand axe "Lujej" {vamp, +Blink rCorr
                  | Int-5 Dex-5}
   964 | D:2      | Reached skill level 1 in Armour
  1092 | D:2      | You fall into a shaft and drop 2 floors!
  1102 | D:4      | 1102 ||| UPGRADING to +0 pair of boots.
  1107 | D:4      | 1107 ||| UPGRADING to +4 ring of slaying {mikee}.
  1109 | D:4      | 1109 ||| DROPPING ring of resist corrosion.
  1110 | D:4      | 1110 ||| READING scroll labelled TUGYKHL AVOU.
  1111 | D:4      | 1111 ||| READING scroll labelled MUDYME DO LAO.
  1119 | D:4      | 1119 ||| STAIRDANCE
  1173 | D:3      | 1173 ||| FLEEEEING.
  1174 | D:3      | 1174 ||| STAIRDANCE
  1360 | D:2      | Reached XP level 4. HP: 36/36 MP: 4/4
  1471 | D:2      | 1471 ||| DRINKING 2 viscous red potions.
  1497 | D:3      | Found Lugas's Magic Scroll Boutique.
  1507 | D:3      | 1507 ||| BUYING 2 scrolls of identify (52 gold).
  1507 | D:3      | Bought 2 scrolls of identify for 52 gold pieces
  1507 | D:3      | 1507 ||| BUYING scroll of identify (26 gold).
  1507 | D:3      | Bought a scroll of identify for 26 gold pieces
  1507 | D:3      | 1507 ||| BUYING scroll of identify (26 gold).
  1507 | D:3      | Bought a scroll of identify for 26 gold pieces
  1507 | D:3      | 1507 ||| SHOPLISTING scroll of identify (26 gold, have 5).
  1539 | D:3      | Found a sacrificial altar of Ru.
  1552 | D:3      | Found an opulent altar of Gozag.
  1809 | D:3      | Found the +7 Throatcutter {drain, coup de grace}
  1809 | D:3      | Noticed a kobold brigand
  1814 | D:3      | Killed a kobold brigand
  1815 | D:3      | Reached skill level 5 in Ranged Weapons
  1815 | D:3      | Reached XP level 5. HP: 37/41 MP: 5/5
  1986 | D:3      | 1986 ||| READING scroll labelled FUGICIESUO.
  1987 | D:3      | 1987 ||| READING 5 scrolls of identify.
  1987 | D:3      | 1987 ||| IDENTIFYING black potion
  1988 | D:3      | 1988 ||| READING 4 scrolls of identify.
  1988 | D:3      | 1988 ||| IDENTIFYING smoky blue potion
  1989 | D:3      | 1989 ||| READING 3 scrolls of identify.
  1989 | D:3      | 1989 ||| IDENTIFYING metallic cyan potion
  1990 | D:3      | 1990 ||| DROPPING potion of berserk rage.
  1991 | D:3      | 1991 ||| DROPPING potion of brilliance.
  2045 | D:4      | Reached skill level 3 in Fighting
  2133 | D:4      | Reached skill level 6 in Ranged Weapons
  2133 | D:4      | Reached XP level 6. HP: 51/51 MP: 6/6
  2347 | D:4      | 2347 ||| UPGRADING to +0 cloak.
  2352 | D:4      | 2352 ||| DRINKING 2 coppery potions.
  2366 | D:5      | Entered Level 5 of the Dungeon
  2495 | D:5      | Reached skill level 7 in Ranged Weapons
  2495 | D:5      | Reached XP level 7. HP: 57/60 MP: 7/7
  2563 | D:5      | Reached skill level 3 in Armour
  2641 | D:5      | Reached skill level 3 in Dodging
  2670 | D:5      | Reached skill level 8 in Ranged Weapons
  2675 | D:5      | Reached XP level 8. HP: 51/68 MP: 8/8
  2826 | D:5      | 2826 ||| Stepping ~*~*~tactically~*~*~ (outnumbered).
  2900 | D:5      | Found a white marble altar of Elyvilon.
  3371 | D:5      | 3371 ||| READING 5 scrolls of identify.
  3371 | D:5      | 3371 ||| IDENTIFYING purple potion
  3372 | D:5      | 3372 ||| READING 4 scrolls of identify.
  3372 | D:5      | 3372 ||| IDENTIFYING fuming white potion
  3373 | D:5      | 3373 ||| DROPPING potion of invisibility.
  3474 | D:6      | Reached skill level 9 in Ranged Weapons
  3480 | D:6      | Reached skill level 6 in Fighting
  3723 | D:6      | Found a snail-covered altar of Cheibriados.
  3800 | D:6      | Reached skill level 10 in Ranged Weapons
  4081 | D:6      | Reached XP level 9. HP: 79/79 MP: 9/9
  4324 | D:6      | 4324 ||| READING 4 scrolls labelled ZAOCVIANAF.
  4328 | D:6      | 4328 ||| READING 5 scrolls of identify.
  4328 | D:6      | 4328 ||| IDENTIFYING glowing yellow potion
  4329 | D:6      | 4329 ||| DROPPING potion of lignification.
  4420 | D:7      | Found Hagh's Neck Hole.
  4433 | D:7      | 4433 ||| SHOPLISTING amulet of the acrobat (420 gold, have
                  | 233).
  4433 | D:7      | 4433 ||| BUYING scarf of repulsion (168 gold).
  4433 | D:7      | Bought a scarf of repulsion for 168 gold pieces
  4598 | D:7      | Reached skill level 11 in Ranged Weapons
  4746 | D:7      | Found a staircase to the Ecumenical Temple.
  4747 | D:7      | 4747 ||| PLANNING TEMPLE
  4747 | D:7      | 4747 ||| UPGRADING to scarf of repulsion.
  4757 | D:7      | 4757 ||| READING 4 scrolls of identify.
  4757 | D:7      | 4757 ||| IDENTIFYING bubbling silvery potion
  4758 | D:7      | 4758 ||| DROPPING potion of attraction.
  4766 | Temple   | Entered the Ecumenical Temple
  4773 | Temple   | 4773 ||| PLANNING OKAWARU WORSHIP
  4995 | Temple   | Became a worshipper of Warmaster Okawaru
  4996 | Temple   | 4996 ||| PLANNING D:1-11
  5353 | D:8      | Found Worche's Magic Scroll Emporium.
  5367 | D:8      | 5367 ||| BUYING scroll of enchant armour (105 gold).
  5367 | D:8      | Bought a scroll of enchant armour for 105 gold pieces
  5367 | D:8      | 5367 ||| SHOPLISTING scroll of enchant armour (105 gold,
                  | have 0).
  5367 | D:8      | 5367 ||| SHOPLISTING scroll of enchant weapon (105 gold,
                  | have 0).
  5367 | D:8      | 5367 ||| READING scroll of enchant armour.
  5367 | D:8      | 5367 ||| ENCHANTING +0 pair of boots.
  5389 | D:8      | Reached skill level 12 in Ranged Weapons
  5398 | D:8      | Reached * piety under Okawaru
  5399 | D:8      | 5399 ||| INVOKING Heroism.
  5403 | D:8      | Reached skill level 1 in Invocations
  5406 | D:8      | HP: 13/81 [wyvern (10)]
  5406 | D:8      | Slain by a wyvern

Levels and vault maps discovered:
D:1:      minmay_arrival_stone_box, layout_basic, minmay_heptomino_d4
D:2:      layout_loops_cross, serial_shops, nicolae_shop_crystal
D:3:      layout_basic, mainiacjoe_overflow_large_starburst, serial_shops,
          nicolae_shop_window_shopping, dilly_guarded_unrand_throatcut
D:4:      layout_rooms, hangedman_abyss_or_decor_slice
D:5:      kennysheep_spiral_hall, layout_cave_pods, mainiacjoe_overflow_alcove_1
D:6:      layout_basic, lemuel_doored_altar, kennysheep_small_circle
D:7:      layout_basic, minmay_temple_entry_glassed_door,
          nicolae_shop_sticking_my_neck_out
D:8:      layout_loops_ring, minmay_lair_entry_grove, serial_shops, shop,
          nicolae_square_shop, shop, shop, grunt_decor_one_mirror, uniq_pikel
Temple:   mainiacjoe_temple_bowtie_tessellation

Skill      XL: |  1  2  3  4  5  6  7  8  9 |
---------------+----------------------------+-----
Ranged Weapons | 3 4 5 6 7 8 10 12 | 12.2
Fighting       | 2 3 4 5 7 8 |  8.1
Armour         | 1 3 |  3.1
Dodging        | 3 4 5 |  5.2
Invocations    | 2 |  2.0
Spellcasting   | |  1.0
Hexes          | |  2.0

Action                     |  1- 3 |  4- 6 |  7- 9 || total
---------------------------+-------+-------+-------++-------
   Fire: Sling             |    68 |       |       ||    68
         Shortbow          |    32 |    80 |   247 ||   359
 Invoke: Heroism           |       |       |     1 ||     1
    Use: Scroll            |     7 |     4 |     6 ||    17
         Potion            |       |     2 |       ||     2
 Armour: Robe              |     9 |       |       ||     9
         Ring mail         |       |     8 |    19 ||    27
  Dodge: Dodged            |    18 |    13 |    64 ||    95

Table legend:
 A = Non-vault XP
 B = Vault XP
 C = Vault XP percentage of total XP
 D = Non-vault monster count
 E = Vault monster count
 F = Vault count percentage of total count
                 A         B        C        D         E       F
            +---------+---------+-------+---------+---------+-------
      Total |    3356 |    1780 |  34.7 |     138 |      20 |  12.7
            +---------+---------+-------+---------+---------+-------
        D:1 |      32 |       4 |  11.1 |      22 |       3 |  12.0
        D:2 |      62 |       0 |   0.0 |      18 |       0 |   0.0
        D:3 |      44 |     100 |  69.4 |      12 |       5 |  29.4
        D:4 |     323 |       0 |   0.0 |      18 |       0 |   0.0
        D:5 |     742 |     324 |  30.4 |      18 |       4 |  18.2
        D:6 |    1031 |     151 |  12.8 |      24 |       2 |   7.7
        D:7 |     962 |       0 |   0.0 |      20 |       0 |   0.0
        D:8 |     160 |    1201 |  88.2 |       6 |       6 |  50.0
            +---------+---------+-------+---------+---------+-------
